 Dungeon Crawl Stone Soup version 0.28.0-43-g3370ac3207 (webtiles) character file.

Game seed: 4563291609019505937

726 Gabide the Grave Robber (level 7, -6/51 HPs)
             Began as a Mummy Necromancer on Mar 15, 2022.
             Mangled by a six-headed hydra (15 damage)
             ... on level 6 of the Dungeon.
             The game lasted 00:08:58 (8024 turns).

Gabide the Grave Robber (Mummy Necromancer)         Turns: 8024, Time: 00:08:59

Health: -6/51      AC:  3    Str: 17    XL:     7   Next: 44%
Magic:  8/16       EV: 12    Int: 16    God:
Gold:   219        SH:  0    Dex: 13    Spells: 10/18 levels left

rFire   . . .      SeeInvis .   h - +3 mace of the Dungeon {freeze, rF+}
rCold   + . .      Faith    .   (no shield)
rNeg    + + +      Spirit   .   a - +0 robe
rPois   ∞          Reflect  .   (no helmet)
rElec   .          Harm     .   b - +0 cloak
rCorr   .          Rampage  .   (no gloves)
Will    .....                   (no boots)
Stlth   ++........              (no amulet)
HPRegen 0.17/turn               d - +6 ring of strength
MPRegen 0.15/turn               i - ring of wizardry

@: no status effects
A: cold resistance 1, negative energy resistance 3, torment resistance 2, heat
vulnerability 1, no potions
a: no special abilities


You were on level 6 of the Dungeon.
You visited 1 branch of the dungeon, and saw 6 of its levels.

You collected 219 gold pieces.

Inventory:

Hand Weapons
 h - the +3 mace of the Dungeon (weapon) {freeze, rF+}
   (You found it on level 3 of the Dungeon)

   It freezes those it strikes, dealing additional cold damage.
   It can also slow down cold-blooded creatures.
   rF:        It protects you from fire.
Armour
 a - a +0 robe (worn)
 b - a +0 cloak (worn)
Jewellery
 d - a +6 ring of strength (left hand)
 i - a ring of wizardry (right hand)
Wands
 e - a wand of mindburst (9)
 f - a wand of flame (18)
Scrolls
 c - a scroll of identify
 g - a scroll of immolation
 j - a scroll of vulnerability
 k - 2 scrolls of enchant armour


   Skills:
 * Level 2.4 Fighting
 + Level 0.5 Maces & Flails
 * Level 2.9 Dodging
 + Level 1.6 Stealth
 + Level 0.1 Unarmed Combat
 * Level 6.1 Spellcasting
 * Level 6.5 Necromancy


You had 10 spell levels left.
You knew the following spells:

 Your Spells              Type           Power      Damage    Failure   Level
a - Pain                  Necr           100%       1d9       1%          1
b - Vampiric Draining     Necr           26%        2d7       1%          3
c - Animate Dead          Necr           13%        N/A       3%          4

Your spell library contained the following spells:

 Spells                   Type           Power      Damage    Failure   Level
 Animate Skeleton         Necr           52%        N/A       1%          1
 Agony                    Necr           26%        N/A       11%         5


Dungeon Overview and Level Annotations

Branches:
Dungeon (6/15)
 Temple: D:4-7

Altars:
Dithmenos
Elyvilon
Okawaru
Trog
Vehumet
Beogh

Annotations:
D:4 3 runed translucent doors, kelmiir's ghost, amateur GrFi
D:5 2 transporters


Innate Abilities, Weirdness & Mutations

You are immune to poison.
Your flesh is cold resistant. (rC+)
You are immune to negative energy. (rN+++)
You are immune to unholy pain and torment.
You are vulnerable to heat. (rF-)
You do not drink.


Message History

The bullfrog is severely wounded.
The bullfrog hits you but does no damage.
The bullfrog hits you.
You draw life force from the bullfrog!
You kill the bullfrog!
You feel life coursing into your body.
You can't see any susceptible monsters within range! (Use Z to cast anyway.)
A six-headed hydra comes into view.
A six-headed hydra is nearby!
A six-headed hydra is nearby!
i - a ring of wizardry (right hand)
A six-headed hydra is nearby!
Unknown command.
Unknown command.
Aiming: Mindburst
Press: ? - help, Shift-Dir - straight line, f - six-headed hydra
Aim: a six-headed hydra (chance to affect: 29%)
The six-headed hydra easily resists.
You can't go up here!
Hit: h) +3 mace of the Dungeon {freeze, rF+}
Press: ? - help, Dir - move target, f - you, p - six-headed hydra
Okay, then.
Unknown command.
As you read the scroll of identify, it crumbles to dust.
k - 2 scrolls of enchant armour
As you read the scroll of identify, it crumbles to dust.
j - a scroll of vulnerability
Casting: Vampiric Draining (safe; 1% risk of failure)
Confirm with . or Enter, or press ? or * to list all spells.
Okay, then.
Unknown command.
You draw life force from the six-headed hydra!
You draw life force from the six-headed hydra!
The six-headed hydra bites you. The six-headed hydra barely misses you.
The six-headed hydra misses you. The six-headed hydra bites you! x2
The six-headed hydra bites you. The six-headed hydra bites you!
* * * LOW HITPOINT WARNING * * *
The six-headed hydra bites you!
You die...

#########
........###############
.......†#.....#.......#
.......D@.....'.......#
........#.....#.......#
........####+######'####
.#########...###.......#
#.............#.......#
+.............#.......#
#.............#.......#
#.............#.......#
#'####.##...#.........#


You could see a six-headed hydra.

Vanquished Creatures
  A necrophage (D:5)
  A bullfrog (D:6)
  A water moccasin skeleton (D:4)
  A howler monkey (D:4)
  A bullfrog skeleton (D:5)
  5 hounds
  2 iguanas
  A gnoll (D:1)
  6 river rats (D:5)
  6 adders
  2 white imps
  An adder zombie (D:5)
  5 worms
  2 dart slugs
  7 orcs
  9 ball pythons
  7 endoplasms
  6 giant cockroaches
  6 goblins
  8 hobgoblins
  4 jackals
  12 kobolds
  2 quokkas (D:3)
  4 bats
  5 frilled lizards
  9 rats
114 creatures vanquished.

Notes
Turn   | Place    | Note
-------+----------+-------------------------------------------
     0 | D:1      | Gabide the Mummy Necromancer began the quest for the Orb.
     0 | D:1      | Reached XP level 1. HP: 13/13 MP: 4/4
   535 | D:1      | Reached XP level 2. HP: 20/20 MP: 1/5
  1622 | D:1      | Reached XP level 3. HP: 25/25 MP: 2/7
  2710 | D:2      | Reached skill level 1 in Fighting
  2764 | D:2      | Reached XP level 4. HP: 30/32 MP: 0/9
  3064 | D:2      | You fall into a shaft and drop 2 floors!
  3080 | D:4      | Reached skill level 5 in Necromancy
  4005 | D:3      | Found a faded altar of an unknown god.
  4309 | D:3      | Identified the +3 mace of the Dungeon {freeze, rF+}
  4699 | D:4      | Reached XP level 5. HP: 37/37 MP: 5/11
  4814 | D:4      | Learned a level 3 spell: Vampiric Draining
  4826 | D:4      | Learned a level 4 spell: Animate Dead
  5182 | D:4      | Reached XP level 6. HP: 43/43 MP: 10/13
  5343 | D:4      | Reached skill level 5 in Spellcasting
  5544 | D:4      | Found a runed translucent gate.
  5544 | D:4      | Noticed kelmiir's ghost (amateur GrFi)
  5556 | D:4      | Found a runed translucent gate.
  5557 | D:4      | Found a runed translucent gate.
  5893 | D:5      | Entered Level 5 of the Dungeon
  6293 | D:5      | Found a transporter.
  6474 | D:5      | Found a bloodstained altar of Trog.
  6474 | D:5      | Found an iron altar of Okawaru.
  6599 | D:5      | HP: 2/44 [bullfrog skeleton (5)]
  7125 | D:5      | Reached XP level 7. HP: 50/50 MP: 15/15
  7142 | D:5      | Found a shadowy altar of Dithmenos.
  7185 | D:5      | Found a radiant altar of Vehumet.
  7192 | D:5      | Identified the +5 ring mail "Eleafuf" {Str+3}
  7753 | D:5      | Found a transporter.
  8016 | D:6      | Noticed a six-headed hydra
  8024 | D:6      | Mangled by a six-headed hydra

Illustrated notes

Levels and vault maps discovered:
D:1:      evilmike_arrival_plus, layout_loops_ring, serial_bayou_pond_b,
          minmay_misc_feat_room
D:2:      minmay_recursive_quarters, layout_basic
D:3:      layout_basic, shapermc_ecumenical_altar_pompeii
D:4:      layout_loops_cross, biasface_ghost_orc_armoury
D:5:      gammafunk_cloud_chamber, layout_loops_cross, marbit_many_paths,
          mainiacjoe_overflow_cross_hatched, lemuel_tele_altar,
          grunt_temple_overflow_bloody_war, lightli_sewer_entry_pipes,
          kennysheep_generic_room_13
D:6:      layout_gridville, lemuel_blue_sif_altar, serial_shops, shop,
          uniq_blork_the_orc

Skill      XL: |  1  2  3  4  5  6  7 |
---------------+----------------------+-----
Spellcasting   | 3 4 5 6 |  6.1
Fighting       | 1 2 |  2.4
Necromancy     | 5 6 |  6.5
Dodging        | 2 |  2.9
Maces & Flails | |  0.5
Stealth        | |  1.6
Unarmed Combat | |  0.1

Action                   |  1- 3 |  4- 6 |  7- 9 || total
-------------------------+-------+-------+-------++-------
Melee: Unarmed           |     9 |    10 |       ||    19
       Punch             |       |     1 |     1 ||     2
       Mace              |       |    39 |    34 ||    73
 Cast: Pain              |   100 |    70 |       ||   170
       Vampiric Draining |       |    23 |    19 ||    42
Evoke: Wand              |       |     2 |     1 ||     3
  Use: Scroll            |       |     5 |     2 ||     7
Armor: Robe              |     8 |    12 |     8 ||    28
Dodge: Dodged            |    21 |    43 |    37 ||   101
